 Dungeon Crawl Stone Soup version 0.26-a0-646-g5d77183 (webtiles) character file.

Game seed: 1460027138168405417

567285 royokou the Slayer (level 26, -3/174 HPs)
             Began as a Gargoyle Conjurer on Sept 24, 2020.
             Was the Champion of Okawaru.
             Splashed by an acid blob's acid (5 damage)
             ... created by the Royal Jelly
             ... on level 4 of the Pits of Slime on Sept 25, 2020.
             The game lasted 05:47:51 (82086 turns).

royokou the Slayer (Gargoyle Conjurer)             Turns: 82086, Time: 05:47:51

Health: -3/174     AC: 47    Str: 24    XL:     26   Next: 84%
Magic:  35/35      EV: 15    Int: 21    God:    Okawaru [******]
Gold:   4958       SH:  5    Dex: 19    Spells: 23/29 levels left

rFire    + + +     SeeInvis .   R - +7 great mace "Dawoxt" {vorpal, *Drain rElec Dex+6}
rCold    + + +     Faith    .   (shield currently unavailable)
rNeg     + . .     Spirit   .   p - +7 gold dragon scales
rPois    ∞         Reflect  +   S - +2 helmet
rElec    +         Harm     .   k - scarf {rC+ rF+}
rCorr    +         Rampage  .   C - +2 pair of gloves {Dex+3}
MR       ++++.                  U - +2 pair of boots {run}
Stlth    ..........             Y - amulet "Zohagowk" {Reflect rF+ rC+ MR++ SH+5}
HPRegen  0.39/turn              A - ring of resist corrosion
MPRegen  0.24/turn              F - ring of the Griffon {MR+ Str+7}

@: corroded, flying, quick
A: big wings, rugged brown scales 1, yellow scales 1, agile 1, blurry vision 1,
dopey 1, frail 1, negative energy resistance 1, electricity resistance, weak 1,
unbreathing, petrification resistance, rot immunity, AC +20
}: 3/15 runes: decaying, serpentine, silver
a: Stop Flying, Heroism, Finesse, Renounce Religion


You were on level 4 of the Pits of Slime.
You worshipped Okawaru.
Okawaru was exalted by your worship.
You visited 9 branches of the dungeon, and saw 47 of its levels.
You visited the Abyss 3 times.
You also visited: Wizlab.

You collected 7091 gold pieces.
You spent 2133 gold pieces at shops.

Inventory:

Hand Weapons
 v - the +7 shortbow "Equeb" {freeze, rElec rC+++ Str-5 Int-2}
   (Okawaru gifted it to you on level 11 of the Dungeon)

   It causes projectiles fired from it to freeze those they strike, causing
   extra injury to most foes and up to half again as much damage against
   particularly susceptible opponents.
   They can also slow down cold-blooded creatures.
   It affects your strength (-5).
   It affects your intelligence (-2).
   It renders you almost immune to cold.
   It insulates you from electricity.
 J - the +6 great mace of Doom {vamp, MR+}
   (Okawaru gifted it to you on level 1 of the Snake Pit)

   It inflicts no extra harm, but heals its wielder when it wounds a living foe.
   It affects your resistance to hostile enchantments.
 M - a +1 great mace of holy wrath
 R - the +7 great mace "Dawoxt" (weapon) {vorpal, *Drain rElec Dex+6}
   (You found it on level 3 of the Lair of Beasts)

   It inflicts extra damage upon your enemies.
   It affects your dexterity (+6).
   It insulates you from electricity.
   It causes draining when unequipped.
Missiles
 q - 1331 bolts
Armour
 k - a scarf of resistance (worn)
 p - +7 gold dragon scales (worn)
 C - a +2 pair of gloves of dexterity (worn)
 S - a +2 helmet (worn)
 U - a +2 pair of boots of running (worn)
Jewellery
 o - an uncursed ring of positive energy
 s - an uncursed ring of see invisible
 A - a ring of resist corrosion (left hand)
 E - an uncursed amulet of regeneration
 F - the ring of the Griffon (right hand) {MR+ Str+7}
   (You acquired it on level 1 of the Vaults)

   [ring of protection from magic]

   It affects your strength (+7).
   It affects your resistance to hostile enchantments.
 Y - the amulet "Zohagowk" (around neck) {Reflect rF+ rC+ MR++ SH+5}
   (You found it on level 3 of the Swamp)

   [amulet of reflection]

   It shields you and reflects attacks.
   It protects you from fire.
   It protects you from cold.
   It affects your resistance to hostile enchantments.
   It affects your SH (+5).
Wands
 d - a wand of digging (21)
 e - a wand of acid (31)
 f - a wand of disintegration (20)
 i - a wand of paralysis (41)
 y - a wand of polymorph (7)
 T - a wand of enslavement (20)
 W - a wand of iceblast (57)
Scrolls
 a - 8 scrolls of identify
 b - 7 scrolls of fog
 h - 2 scrolls of brand weapon
 j - 15 scrolls of teleportation
 m - a scroll of silence
 u - 24 scrolls of remove curse
 w - 10 scrolls of blinking
 D - 6 scrolls of magic mapping
 G - 3 scrolls of immolation
 K - 9 scrolls of fear
 L - a scroll of enchant armour
 N - 9 scrolls of enchant weapon
 V - a scroll of holy word
 X - a scroll of amnesia
Potions
 c - 2 potions of berserk rage
 g - 7 potions of haste
 l - 15 potions of curing
 n - 11 potions of brilliance
 t - 8 potions of stabbing
 z - 5 potions of magic
 B - 5 potions of cancellation
 H - 6 potions of heal wounds
 I - a potion of invisibility
 P - 3 potions of might
Miscellaneous
 Z - a box of beasts (3/3)


   Skills:
 + Level 25.0 Fighting
 - Level 20.0 Maces & Flails
 + Level 24.9 Armour
 - Level 13.3 Dodging
 - Level 2.1 Stealth
   Level 7.0 Shields
 - Level 2.0 Spellcasting
 - Level 4.3 Conjurations
 * Level 5.3 Translocations
 - Level 16.6 Invocations


You had 23 spell levels left.
You knew the following spells:

 Your Spells              Type           Power        Failure   Level
a - Magic Dart            Conj           ###.         24%         1
b - Blink                 Tloc           N/A          24%         2
c - Swiftness             Air            #.......     91%         2
d - Apportation           Tloc           ###...       16%         1

Your spell library contained the following spells:

 Spells                   Type           Power        Failure   Level
 Searing Ray              Conj           ###...       34%         2
 Gell's Gravitas          Tloc           ###.......   43%         3
 Foxfire                  Conj/Fire      ##..         50%         1
 Shock                    Conj/Air       ##..         50%         1
 Animate Skeleton         Necr           #.....       80%         1
 Beastly Appendage        Tmut           #.....       80%         1
 Corona                   Hex            #......      80%         1
 Freeze                   Ice            #...         80%         1
 Pain                     Necr           #...         80%         1
 Sandblast                Erth           #.....       80%         1
 Sting                    Tmut/Pois      #...         80%         1
 Summon Small Mammal      Summ           #...         80%         1
 Portal Projectile        Hex/Tloc       ##....       80%         3
 Conjure Flame            Conj/Fire      ##......     86%         3
 Dazzling Flash           Conj/Hex       ##....       86%         3
 Static Discharge         Conj/Air       ##......     86%         3
 Stone Arrow              Conj/Erth      ##....       86%         3
 Iskenderun's Mystic Bla  Conj/Tloc      ###.....     88%         4
 Call Imp                 Summ           #.......     91%         2
 Corpse Rot               Necr/Air       N/A          91%         2
 Ensorcelled Hibernation  Hex/Ice        #.....       91%         2
 Poisonous Vapours        Pois/Air       #.....       91%         2
 Slow                     Hex            #.......     91%         2
 Mephitic Cloud           Conj/Pois/Air  #.......     93%         3
 Confusing Touch          Hex            #.......     99%         3
 Frozen Ramparts          Ice            #.....       99%         3
 Ignite Poison            Fire/Tmut/Pois #.......     99%         3
 Inner Flame              Hex/Fire       #.......     99%         3
 Ozocubu's Armour         Ice            #.......     99%         3
 Tukima's Dance           Hex            #.......     99%         3
 Fulminant Prism          Conj/Hex       ##........   99%         4
 Hailstorm                Conj/Ice       ##......     99%         4
 Sticky Flame             Conj/Fire      ##......     99%         4
 Airstrike                Air            #.........   100%        4
 Cause Fear               Hex            #.........   100%        4
 Ice Form                 Ice/Tmut       #.......     100%        4
 Leda's Liquefaction      Hex/Erth       #.........   100%        4
 Olgreb's Toxic Radiance  Pois           #.......     100%        4
 Petrify                  Tmut/Erth      #.......     100%        4
 Summon Ice Beast         Ice/Summ       #.......     100%        4
 Summon Lightning Spire   Summ/Air       #.......     100%        4
 Borgnjor's Vile Clutch   Necr/Erth      #.........   100%        5
 Lightning Bolt           Conj/Air       ##........   100%        5
 Silence                  Hex/Air        #.........   100%        5
 Summon Demon             Summ           #.........   100%        5
 Summon Forest            Summ/Tloc      ##........   100%        5
 Summon Mana Viper        Hex/Summ       #.......     100%        5
 Yara's Violent Unravell  Hex/Tmut       #.........   100%        5
 Conjure Ball Lightning   Conj/Air       ##........   100%        6
 Dispersal                Tloc           ###.......   100%        6
 Eringya's Noxious Bog    Tmut/Pois      #.........   100%        6
 Freezing Cloud           Conj/Ice/Air   #.........   100%        6
 Hydra Form               Tmut           #.........   100%        6
 Iron Shot                Conj/Erth      ##........   100%        6
 Shadow Creatures         Summ           N/A          100%        6
 Simulacrum               Ice/Necr       #.........   100%        6
 Starburst                Conj/Fire      ##........   100%        6
 Dragon Form              Tmut           #.........   100%        7
 Spellforged Servitor     Conj/Summ      ##........   100%        7
 Summon Hydra             Summ           #.........   100%        7
 Chain Lightning          Conj/Air       ##........   100%        8
 Discord                  Hex            #.........   100%        8
 Disjunction              Tloc           ###.......   100%        8
 Ignition                 Fire           #.........   100%        8
 Lehudib's Crystal Spear  Conj/Erth      ##........   100%        8
 Absolute Zero            Ice            #.........   100%        9
 Dragon's Call            Summ           #.........   100%        9
 Fire Storm               Conj/Fire      ##........   100%        9
 Shatter                  Erth           #.........   100%        9
 Tornado                  Air            #.........   100%        9
 Statue Form              Tmut/Erth      Unusable     N/A         6

Dungeon Overview and Level Annotations

Branches:
Dungeon (15/15)            Temple (1/1) D:4            Lair (6/6) D:9
  Swamp (4/4) Lair:4        Snake (4/4) Lair:4        Slime (5/5) Lair:6
    Orc (2/2) D:10            Elf (0/3) Orc:2        Vaults (5/5) D:13
  Crypt (0/3) Vaults:3     Depths (5/5) D:15            Zot (0/5) Depths:5
 WizLab (visited)

Altars:
Ashenzari
Cheibriados
Dithmenos
Elyvilon
Fedhas
Gozag
Hepliaklqana
Kikubaaqudgha
Makhleb
Nemelex Xobeh
Okawaru
Qazlal
Ru
Sif Muna
Trog
Uskayaw
Vehumet
Wu Jian
Xom
Yredelemnul
Zin
The Shining One
Beogh
Jiyva

Shops:
D:10 (   D:13 =   D:14 [   Orc:2 *[(:   Snake:1 *   Vaults:1 (   Vaults:5 !!!

Portals:
Hell: Depths:1 Depths:2 Depths:3 Depths:5
Abyss: Depths:3
Pandemonium: Depths:2 Depths:3
Ziggurat: Depths:3

Annotations:
D:1 1 runed translucent door
D:9 1 runed translucent door, Greyr's ghost, novice HaHu
D:12 exclusion: obsidian statue
Lair:2 1 runed translucent door, ringo67's ghost, journeyman OpFE
Slime:5 Royal Jelly
Depths:4 exclusion: 4 obsidian statues


Innate Abilities, Weirdness & Mutations

You are resistant to torment.
Your stone body is resilient. (AC +20)
You are immune to poison.
Your large and strong wings let you fly indefinitely.
You resist negative energy. (rN+)
You are resistant to electric shocks. (rElec)
You can survive without breathing.
You are immune to petrification.
You are immune to rotting.
You are partially covered in rugged brown scales. (AC +1, +3% HP)
You are partially covered in yellow scales. (AC +2)
You are agile. (Dex +2)
Scrolls take you a little longer to read.
You are dopey. (Int -2)
You are frail. (-10% HP)
You are weak. (Str -2)


Message History

* * * LOW HITPOINT WARNING * * *
Really read with blurry vision while enemies are nearby? [Y]es or [N]o only, please.
Really read with blurry vision while enemies are nearby? [Y]es or [N]o only, please.
Really read with blurry vision while enemies are nearby? [Y]es or [N]o only, please.
Really read with blurry vision while enemies are nearby?
You block the death ooze's attack. x2
The acid blob hits you but does no damage.
The acid blob spits acid at you.
The splash of acid hits you but does no damage.
The acid corrodes you!
You are splashed with acid.
You resist.
* * * LOW HITPOINT WARNING * * *
You begin reading the scroll.
You continue reading the scroll.
The acid blob completely misses you. The acid blob spits acid at you.
The splash of acid hits you but does no damage.
You are splashed with acid.
You resist.
You die...

#########
###..#######.#...#.##
##........#.........#
.##.................#
.##................#
..........#....JJJ.##
...<...........J@J..#
..............^JJJ.##
...................#
...............#...#
.#..................#
..............#....##
......#...#.........#
#......#.#.........##
..........#.....#...


You could see 6 acid blobs, an azure jelly and a death ooze.

Vanquished Creatures
  An ancient lich (Depths:2)
  Mara (Swamp:4)
  Sojobo (Depths:2)
  Xtahua (Depths:2)
  4 caustic shrikes (Depths:5)
  Saint Roka (Vaults:4)
  Bai Suzhen (Vaults:2)
  3 golden dragons
  2 bone dragons
  the Enchantress (Depths:2)
  6 tentacled monstrosities
  Rupert (D:13)
  A Tzitzimitl (Depths:2)
  9 liches
  2 tentacled starspawn (Abyss:2)
  27 acid blobs
  2 sphinxes
  Frances (D:13)
  5 storm dragons
  10 shadow dragons
  Kirke (Snake:2)
  10 tengu reavers
  A storm dragon (shapeshifter) (Vaults:5)
  A thorn hunter (Swamp:3)
  A draconian monk (Depths:5)
  Donald (Vaults:1)
  9 fire giants
  An iron dragon (Vaults:5)
  25 azure jellies
  10 nagarajas
  15 vault wardens
  3 deep elf sorcerers
  Aizul (Snake:2)
  An orc warlord (Orc:2)
  A cacodemon (Abyss:2)
  A frost giant (Vaults:4)
  A draconian scorcher (Depths:5)
  A deep elf elementalist (Vaults:5)
  A reaper (WizLab)
  14 ironheart preservers
  6 war gargoyles
  A draconian annihilator (Depths:5)
  3 entropy weavers
  5 spriggan defenders (Depths:2)
  19 stone giants
  30 very ugly things
  An entropy weaver (shapeshifter) (Depths:4)
  Nessos (D:13)
  4 deep elf demonologists
  10 vampire knights
  3 yellow draconians (Depths:5)
  A deep elf annihilator (Vaults:3)
  A red draconian (Depths:5)
  A merfolk javelineer (Depths:1)
  Azrael (Orc:2)
  10 ettins
  12 crystal guardians
  5 deep elf death magi
  7 fire dragons
  2 ettins (shapeshifter) (Depths:4)
  26 death oozes
  A fire dragon (shapeshifter) (Vaults:5)
  15 yaktaur captains
  15 great orbs of eyes
  13 ice dragons
  A deep elf high priest (Vaults:5)
  31 vault guards
  19 hydras
  5 rakshasas
  13 naga warriors
  2 shambling mangroves
  2 hydras (shapeshifter)
  An ice dragon (shapeshifter) (Depths:4)
  22 anacondas
  2 spriggan air magi
  3 death knights
  A catoblepas (D:15)
  2 ghost crabs (Swamp:3)
  66 two-headed ogres
  14 alligators
  4 deep troll earth magi
  11 dancing weapons
  27 ogre magi
  13 centaur warriors
  6 tengu warriors
  5 deep troll shamans
  4 vampire magi
  8 thrashing horrors (Abyss:2)
  Urug (D:13)
  5 death yaks (Lair:4)
  An orc high priest (Orc:2)
  Sonja (Orc:2)
  4 shock serpents
  2 sun demons (WizLab)
  Nergalle (D:12)
  7 naga sharpshooters
  A soul eater (Depths:2)
  2 wretched stars (Abyss:2)
  6 deep elf knights
  4 spriggan berserkers
  4 iron trolls
  6 skeletal warriors
  13 hell knights
  3 salamander mystics
  11 small abominations
  A fire crab (Lair:6)
  A titan skeleton (Abyss:2)
  2 fire crabs (shapeshifter)
  3 shadow demons (Depths:2)
  An anaconda zombie (Abyss:2)
  5 shadow wraiths
  A spriggan druid (Swamp:4)
  An unseen horror (Vaults:1)
  17 deep trolls
  A swamp dragon (shapeshifter) (Vaults:5)
  13 swamp dragons
  7 glowing orange brains
  3 starcursed masses (Abyss:2)
  7 necromancers
  23 orc knights
  12 naga ritualists
  4 flayed ghosts
  An iron dragon zombie (Depths:2)
  Pikel (D:5)
  A harpy (Vaults:1)
  9 wizards
  8 deep elf archers
  A phantasmal warrior (Vaults:3)
  A harpy (shapeshifter) (Vaults:3)
  8 wolf spiders
  21 deep elf magi
  54 ugly things
  21 ironbrand convokers
  An orb spider (shapeshifter) (Depths:3)
  A stone giant zombie (Vaults:5)
  A faun (shapeshifter) (Depths:4)
  21 salamanders
  11 mana vipers
  A frost giant zombie (Abyss:2)
  A cyclops (shapeshifter) (Vaults:3)
  4 orc sorcerers
  4 cyclopes
  3 shining eyes (Slime:3)
  A sphinx skeleton (Depths:2)
  16 guardian serpents
  3 manticores
  A shining eye (shapeshifter) (Vaults:2)
  A worldbinder (Abyss:2)
  19 vault sentinels
  An elephant (shapeshifter) (Vaults:5)
  6 elephants (Lair:4)
  2 guardian serpents (shapeshifter)
  16 naga magi
  33 black mambas
  2 eyes of devastation
  2 gargoyles
  15 cane toads
  A titan simulacrum (Depths:1)
  2 smoke demons (Abyss:2)
  2 centaur skeletons
  5 molten gargoyles
  3 orange demons (Abyss:2)
  An elf zombie (Depths:2)
  A rime drake (Lair:6)
  A torpor snail (Lair:6)
  A rime drake (shapeshifter) (Vaults:3)
  35 yaktaurs
  Maggie (D:9)
  3 freezing wraiths
  4 ancient zymes (Abyss:2)
  An ice devil (WizLab)
  An efreet (Abyss:2)
  8 komodo dragons
  A komodo dragon (shapeshifter) (Vaults:3)
  12 polar bears
  A tengu conjurer (D:14)
  7 trolls
  A tyrant leech (shapeshifter) (Depths:5)
  3 meliai (D:14)
  A yaktaur skeleton (Depths:1)
  A hornet (shapeshifter) (Vaults:4)
  13 tyrant leeches
  A jumping spider (shapeshifter) (Vaults:2)
  A queen bee (shapeshifter) (Depths:1)
  5 wind drakes (Depths:4)
  A spriggan zombie (Depths:2)
  8 raiju
  An ettin zombie (Abyss:2)
  A stone giant simulacrum (Vaults:5)
  Prince Ribbit (D:8)
  2 dream sheep (shapeshifter)
  46 slime creatures
  26 blink frogs
  7 bog bodies
  A raiju (shapeshifter) (Vaults:3)
  17 dream sheep
  13 hippogriffs
  A hippogriff (shapeshifter) (Vaults:4)
  A frost giant simulacrum (Vaults:5)
  13 hornets
  10 large abominations (Abyss:2)
  3 ynoxinuls (Abyss:2)
  A flying skull (Vaults:3)
  12 shadows
  5 air elementals (Depths:4)
  29 water elementals
  2 wyverns
  4 spriggans
  A deep troll skeleton (Depths:1)
  4 redbacks
  A tarantella (Vaults:4)
  A vampire (D:13)
  A spriggan (shapeshifter) (Vaults:2)
  49 yaks
  A hog (Snake:2)
  10 wraiths
  5 fire elementals
  15 humans (D:13)
  3 steam dragons (Lair:6)
  A human (shapeshifter) (D:14)
  5 neqoxecs (Abyss:2)
  18 vampire mosquitoes
  3 chaos spawn
  7 golden eyes (Slime:4)
  7 basilisks
  A yaktaur simulacrum (Vaults:2)
  Menkaure (D:7)
  12 insubstantial wisps
  11 swamp worms
  9 wargs
  46 nagas
  3 acid dragons
  9 water moccasins
  A soldier ant (D:15)
  A hydra simulacrum (Abyss:2)
  13 porcupines
  15 hell hounds
  A floating eye (Depths:2)
  9 swamp drakes
  7 eyes of draining
  An ice beast (D:10)
  25 black bears
  5 sky beasts
  3 necrophages
  54 orc warriors
  A boggart (shapeshifter) (Depths:4)
  45 ogres
  An ettin simulacrum (Vaults:1)
  17 wolves
  6 phantoms
  11 boggarts
  25 centaurs
  16 crocodiles
  Blork the orc (D:5)
  22 bullfrogs
  11 earth elementals (Depths:4)
  2 gnoll sergeants
  A big kobold (D:10)
  A wyvern zombie (D:12)
  A glowing shapeshifter simulacrum (Vaults:3)
  3 scorpions
  A human simulacrum (Vaults:3)
  9 wights
  6 killer bees
  6 howler monkeys
  13 electric eels
  A bullfrog zombie (D:11)
  5 centaur zombies
  3 bullfrog skeletons
  A jelly (Abyss:2)
  4 quasits
  Crazy Yiuf (D:6)
  16 orc priests
  8 hounds
  5 iron imps
  Natasha (thrice) (D:4)
  7 iguanas
  19 orc wizards
  9 worker ants
  A hound skeleton (D:11)
  15 adders
  8 gnolls
  A howler monkey skeleton (D:5)
  4 shadow imps
  2 white imps
  2 oozes
  4 ufetubi
  An ooze (shapeshifter) (Depths:4)
  2 worms (D:4)
  3 leopard geckos
  92 orcs
  9 giant cockroaches
  8 goblins
  3 hobgoblins
  8 jackals
  11 kobolds
  4 quokkas
  2 ball pythons
  4 bats
  8 frilled lizards
  2 leopard gecko skeletons
  2 quokka skeletons
  5 rats
  A starspawn tentacle (Abyss:2)
2264 creatures vanquished.

Vanquished Creatures (others)
  Asterion (Depths:2)
  An ogre mage (Depths:3)
  A vampire mage (Depths:3)
  A deep troll earth mage (Depths:3)
  2 shadow wraiths
  2 deep trolls (Depths:3)
  An ironbrand convoker (Vaults:4)
  A tengu conjurer (D:14)
  A water elemental (Depths:4)
  A golden eye (shapeshifter) (Depths:4)
  A swamp worm (Swamp:3)
  An insubstantial wisp (Depths:4)
  An acid dragon (Vaults:2)
  A floating eye (Depths:3)
  A swamp drake (Swamp:4)
  4 boggarts
  A small abomination (Abyss:2)
  An ogre (Depths:1)
  An orc wizard (Orc:2)
  A quasit (Abyss:2)
  11 ball lightnings (Depths:4)
  3 orcs
  A bush (Lair:5)
  65 fungi
  158 plants
  6 starspawn tentacles (Abyss:2)
269 creatures vanquished.

Grand Total: 2533 creatures vanquished

Notes
Turn   | Place    | Note
-------+----------+-------------------------------------------
     0 | D:1      | royokou the Gargoyle Conjurer began the quest for the Orb.
     0 | D:1      | Reached XP level 1. HP: 10/10 MP: 3/3
     1 | D:1      | Found a runed translucent door.
   399 | D:1      | Reached skill level 1 in Fighting
   399 | D:1      | Reached skill level 1 in Armour
   439 | D:1      | Reached XP level 2. HP: 16/16 MP: 3/5
  1065 | D:2      | Found a broken altar of Ashenzari.
  1222 | D:2      | Found a blossoming altar of Fedhas.
  1410 | D:2      | Reached skill level 2 in Fighting
  1410 | D:2      | Reached XP level 3. HP: 15/21 MP: 1/6
  1996 | D:2      | Found an opulent altar of Gozag.
  2197 | D:3      | Reached XP level 4. HP: 27/27 MP: 2/7
  2943 | D:3      | Reached skill level 3 in Fighting
  3066 | D:4      | Found a staircase to the Ecumenical Temple.
  3073 | Temple   | Entered the Ecumenical Temple
  3501 | D:4      | Noticed Natasha
  3511 | D:4      | Killed Natasha
  3511 | D:4      | Reached XP level 5. HP: 32/32 MP: 8/8
  3612 | D:4      | HP: 1/32 [ufetubus (3)]
  3627 | D:4      | Reached skill level 4 in Fighting
  3648 | D:4      | Reached XP level 6. HP: 10/38 MP: 9/9
  4228 | D:4      | Noticed Natasha
  4238 | D:4      | Killed Natasha
  4269 | D:4      | Noticed a phantom
  4308 | D:4      | Killed a phantom
  4338 | D:4      | Reached skill level 5 in Fighting
  4338 | D:4      | Reached skill level 5 in Armour
  4408 | D:4      | Reached XP level 7. HP: 44/44 MP: 8/10
  4678 | D:5      | Entered Level 5 of the Dungeon
  4818 | D:5      | Found a stormy altar of Qazlal.
  4829 | D:5      | Noticed Blork the orc
  4863 | D:5      | Killed Blork the orc
  4914 | D:5      | Reached skill level 6 in Fighting
  5385 | D:5      | Reached XP level 8. HP: 51/52 MP: 11/11
  5844 | D:6      | Reached skill level 7 in Fighting
  5856 | D:6      | Noticed Pikel
  5982 | D:4      | Noticed Natasha
  5991 | D:4      | Killed Natasha
  6228 | D:5      | Killed Pikel
  6228 | D:5      | Reached skill level 8 in Fighting
  6377 | D:6      | Reached skill level 1 in Maces & Flails
  6377 | D:6      | Reached XP level 9. HP: 43/60 MP: 12/12
  6820 | D:6      | Found a glowing golden altar of the Shining One.
  6904 | D:6      | Found a runed translucent door.
  6905 | D:6      | Noticed Crazy Yiuf
  7128 | D:6      | Killed Crazy Yiuf
  7220 | D:7      | Found a shimmering altar of Xom.
  7477 | D:7      | Reached skill level 9 in Fighting
  7648 | D:7      | Found a sparkling altar of Nemelex Xobeh.
  8115 | D:7      | Found a shadowy altar of Dithmenos.
  8118 | D:7      | Noticed Menkaure
  8126 | D:7      | Killed Menkaure
  8126 | D:7      | Reached skill level 5 in Maces & Flails
  8253 | D:7      | Found a sacrificial altar of Ru.
  8255 | D:7      | Found a white marble altar of Elyvilon.
  8259 | D:7      | Found a radiant altar of Vehumet.
  8260 | D:7      | Found an ornate altar of the Wu Jian Council.
  8283 | D:7      | Found a shimmering blue altar of Sif Muna.
  8284 | D:7      | Found an iron altar of Okawaru.
  8292 | D:7      | Became a worshipper of Warmaster Okawaru
  8419 | D:8      | Found a basalt altar of Yredelemnul.
  8440 | D:8      | Noticed Prince Ribbit
  8447 | D:8      | Reached skill level 1 in Shields
  8477 | D:8      | Killed Prince Ribbit
  8477 | D:8      | Reached XP level 10. HP: 50/66 MP: 13/13
  8903 | D:8      | Reached * piety under Okawaru
  9385 | D:8      | Found a roughly hewn altar of Beogh.
  9655 | D:9      | Reached skill level 10 in Fighting
  9685 | D:9      | Reached skill level 10 in Armour
  9719 | D:9      | Found a glowing golden altar of the Shining One.
  9949 | D:9      | Reached ** piety under Okawaru
 10042 | D:9      | Noticed Maggie
 10062 | D:9      | Killed Maggie
 10226 | D:9      | Reached XP level 11. HP: 29/73 MP: 14/14
 10539 | D:9      | Found a staircase to the Lair.
 10605 | D:9      | Reached *** piety under Okawaru
 10630 | D:9      | Reached skill level 5 in Shields
 10801 | D:9      | Noticed a two-headed ogre
 11019 | D:9      | Killed a two-headed ogre
 11019 | D:9      | Reached **** piety under Okawaru
 11108 | D:9      | Found a runed translucent door.
 11110 | D:9      | Found a shimmering altar of Xom.
 11110 | D:9      | Noticed a +0 morningstar of chaos
 11110 | D:9      | Noticed Greyr's ghost (novice HaHu)
 11274 | Lair:1   | Entered Level 1 of the Lair of Beasts
 11447 | Lair:1   | Found a gate leading to a gauntlet.
 11498 | Lair:1   | Reached skill level 11 in Fighting
 11522 | Lair:1   | Reached ***** piety under Okawaru
 12546 | Lair:2   | Noticed ringo67's ghost (journeyman OpFE)
 12747 | Lair:2   | Reached skill level 10 in Maces & Flails
 12788 | Lair:2   | Found a runed translucent door.
 12854 | Lair:2   | Reached XP level 12. HP: 80/80 MP: 15/15
 13107 | Lair:2   | Reached skill level 1 in Invocations
 13447 | Lair:2   | Found the +7 Singing Sword {vorpal, sonic wave}
 13705 | Lair:3   | Received a gift from Okawaru
 13930 | Lair:3   | Got an iridescent great mace
 13936 | Lair:3   | Identified the +7 great mace "Dawoxt" {vorpal, *Drain rElec
                  | Dex+6} (You found it on level 3 of the Lair of Beasts)
 14991 | Lair:4   | Reached ****** piety under Okawaru
 14998 | Lair:4   | Received a gift from Okawaru
 15117 | Lair:4   | Found a staircase to the Swamp.
 15127 | Lair:4   | Found a staircase to the Snake Pit.
 15146 | Lair:4   | Reached skill level 12 in Fighting
 15587 | Lair:4   | Reached XP level 13. HP: 80/86 MP: 16/16
 16294 | Lair:4   | Reached skill level 5 in Invocations
 16992 | Lair:5   | You fall into a shaft and drop 1 floor!
 16992 | Lair:6   | Entered Level 6 of the Lair of Beasts
 17396 | Lair:6   | Received a gift from Okawaru
 17397 | Lair:6   | Got a crystal dire flail {god gift}
 17400 | Lair:6   | Identified the +3 dire flail of the Singing Stork {freeze,
                  | Str+3 Int-5 Dex+2} (Okawaru gifted it to you on level 6 of
                  | the Lair of Beasts)
 17452 | Lair:6   | Noticed a fire dragon
 17463 | Lair:6   | Killed a fire dragon
 17902 | Lair:6   | Found a staircase to the Slime Pits.
 18116 | Lair:6   | Received a gift from Okawaru
 18150 | Lair:6   | Gained mutation: Your large and strong wings let you fly
                  | indefinitely. [Gargoyle growth]
 18150 | Lair:6   | Reached XP level 14. HP: 85/92 MP: 18/18
 18222 | Lair:6   | Reached skill level 5 in Dodging
 18351 | Lair:6   | Reached skill level 13 in Fighting
 18360 | Lair:6   | Received a gift from Okawaru
 21131 | D:10     | Entered Level 10 of the Dungeon
 21453 | D:10     | Found a staircase to the Orcish Mines.
 21791 | D:10     | Found Meokar's Antique Weapon Shoppe.
 22207 | D:11     | Received a gift from Okawaru
 22216 | D:11     | Got an encrusted shortbow {god gift}
 22292 | D:11     | Identified the +7 shortbow "Equeb" {freeze, rElec rC+++
                  | Str-5 Int-2} (Okawaru gifted it to you on level 11 of the
                  | Dungeon)
 22784 | D:12     | Noticed Nergalle
 22947 | D:12     | Killed Nergalle
 22947 | D:12     | Reached XP level 15. HP: 99/99 MP: 19/21
 23867 | D:13     | Noticed Nessos
 23874 | D:13     | Paralysed by Nessos for 4 turns
 23896 | D:13     | Killed Nessos
 24079 | D:13     | Found Duuneru's Jewellery Shop.
 24274 | D:13     | Noticed Frances
 24304 | D:13     | Killed Frances
 24461 | D:13     | Found a gate to the Vaults.
 24461 | D:13     | Noticed Urug
 24482 | D:13     | Received a gift from Okawaru
 24523 | D:13     | Killed Urug
 24554 | D:13     | Noticed Rupert
 24588 | D:13     | Killed Rupert
 25051 | D:14     | Reached skill level 14 in Fighting
 25670 | D:14     | Found Qotomy's Antique Armour Boutique.
 25680 | D:14     | Bought a pair of runed gloves for 247 gold pieces
 26138 | D:15     | Entered Level 15 of the Dungeon
 26147 | D:15     | Reached skill level 15 in Maces & Flails
 26180 | D:15     | Received a gift from Okawaru
 26181 | D:15     | Found the +4 dagger "Morg" {pain, MR+ Int+5}
 26834 | D:15     | Found a staircase to the Depths.
 26834 | D:15     | Noticed a fire giant
 27054 | D:15     | Reached XP level 16. HP: 99/106 MP: 23/23
 27104 | D:15     | Received a gift from Okawaru
 27506 | D:15     | Noticed a tengu reaver
 27522 | D:15     | Killed a tengu reaver
 28033 | Orc:1    | Entered Level 1 of the Orcish Mines
 28106 | Orc:2    | Entered Level 2 of the Orcish Mines
 28344 | Orc:2    | Found Yriemyto's Book Shoppe.
 28564 | Orc:2    | Found Qeveph's Antique Weapon Boutique.
 28617 | Orc:2    | Reached skill level 10 in Invocations
 28648 | Orc:2    | Found Segeut's General Store.
 28690 | Orc:2    | Found Maryomy's Antique Armour Boutique.
 28802 | Orc:2    | Bought a pair of runed gloves for 255 gold pieces
 28802 | Orc:2    | Bought an encrusted cloak for 323 gold pieces
 28814 | Orc:2    | Identified the -5 cloak of Happiness {Rampage} (You bought
                  | it in a shop on level 2 of the Orcish Mines)
 29182 | Orc:2    | Noticed Azrael
 29188 | Orc:2    | Noticed Sonja
 29202 | Orc:2    | Killed Sonja
 29208 | Orc:2    | Killed Azrael
 29574 | Orc:2    | Found a staircase to the Elven Halls.
 29971 | Swamp:1  | Entered Level 1 of the Swamp
 30791 | Swamp:1  | Received a gift from Okawaru
 30792 | Swamp:1  | Found the +5 robe of Misfortune {*Contam Harm *Corrode
                  | *Drain *Slow EV+5}
 32524 | Swamp:2  | Reached skill level 15 in Fighting
 33365 | Swamp:3  | Got a glittering amethyst amulet
 33366 | Swamp:3  | Identified the amulet "Zohagowk" {Reflect rF+ rC+ MR++
                  | SH+5} (You found it on level 3 of the Swamp)
 33415 | Swamp:3  | Reached skill level 15 in Armour
 33415 | Swamp:3  | Reached XP level 17. HP: 113/113 MP: 25/25
 34547 | Swamp:4  | Entered Level 4 of the Swamp
 34581 | Swamp:4  | Received a gift from Okawaru
 34617 | Swamp:3  | HP: 3/113 [tyrant leech (15)]
 35266 | Swamp:4  | Noticed Mara
 35706 | Swamp:4  | Noticed royokou's illusion
 36164 | Swamp:4  | Received a gift from Okawaru
 36535 | Swamp:4  | Killed Mara
 36802 | Swamp:4  | Got a decaying rune of Zot
 36867 | Snake:1  | Entered Level 1 of the Snake Pit
 36900 | Snake:1  | Found Ygethaus's Assorted Antiques.
 37092 | Snake:1  | Received a gift from Okawaru
 37131 | Snake:1  | Got a blackened great mace {god gift}
 37132 | Snake:1  | Identified the +6 great mace of Doom {vamp, MR+} (Okawaru
                  | gifted it to you on level 1 of the Snake Pit)
 38623 | Snake:2  | Reached XP level 18. HP: 80/120 MP: 25/27
 39303 | Snake:2  | Noticed Aizul
 39314 | Snake:2  | Killed Aizul
 39516 | Snake:2  | Reached skill level 16 in Fighting
 39791 | Snake:2  | Noticed Kirke
 39806 | Snake:2  | Killed Kirke
 39806 | Snake:2  | Received a gift from Okawaru
 40852 | Snake:3  | Reached skill level 10 in Dodging
 41211 | Snake:4  | Entered Level 4 of the Snake Pit
 42398 | Snake:4  | Received a gift from Okawaru
 42399 | Snake:4  | Found the +5 demon whip "Spellbinder" {antimagic, MR+}
 42715 | Snake:4  | Reached XP level 19. HP: 114/127 MP: 28/28
 44138 | Snake:4  | Received a gift from Okawaru
 44342 | Snake:4  | Got a serpentine rune of Zot
 44828 | Vaults:1 | Entered Level 1 of the Vaults
 44862 | Vaults:1 | Received a gift from Okawaru
 44944 | Vaults:1 | Reached skill level 17 in Fighting
 45193 | Vaults:1 | Noticed Donald
 45214 | Vaults:1 | Killed Donald
 46700 | Vaults:1 | Identified a scroll of acquirement
 46701 | Vaults:1 | Acquired the ring of the Griffon {MR+ Str+7}
 46873 | Vaults:1 | Reached XP level 20. HP: 134/134 MP: 30/30
 47061 | Vaults:1 | Found Bigoa's Antique Weapon Boutique.
 47304 | Vaults:2 | Received a gift from Okawaru
 47323 | Vaults:2 | Got a heavily runed hat {god gift}
 47329 | Vaults:2 | Identified the +0 hat of Coronation {rF+++ rC-} (Okawaru
                  | gifted it to you on level 2 of the Vaults)
 47518 | Vaults:2 | Found a magical portal.
 47527 | WizLab   | Entered Doroklohe's Tomb
 47795 | WizLab   | Gained mutation: Scrolls take you a little longer to read.
                  | [a cacodemon]
 49220 | Vaults:2 | Noticed Bai Suzhen
 49241 | Vaults:2 | Killed Bai Suzhen
 50288 | Vaults:2 | Received a gift from Okawaru
 50934 | Vaults:3 | Reached skill level 15 in Invocations
 51072 | Vaults:3 | Reached skill level 18 in Fighting
 51222 | Vaults:3 | Acquired 1107 gold pieces
 51348 | Vaults:3 | Acquired a +0 hat of see invisible
 51379 | Vaults:3 | Reached XP level 21. HP: 121/141 MP: 32/32
 51773 | Vaults:3 | Got a pair of ancient gloves
 51779 | Vaults:3 | Identified the cursed +0 pair of gloves of Catatonia
                  | {Rampage rElec rPois rF-} (You found it on level 3 of the
                  | Vaults)
 51992 | Vaults:3 | Identified the ring of Beogh's Esteem {rPois Str+4}
 52390 | Vaults:3 | Received a gift from Okawaru
 53154 | Vaults:3 | Found a staircase to the Crypt.
 54042 | Vaults:4 | Noticed Saint Roka
 55382 | Vaults:4 | Received a gift from Okawaru
 55556 | Vaults:4 | Reached XP level 22. HP: 99/148 MP: 34/34
 56366 | Vaults:4 | Killed Saint Roka
 57460 | Depths:1 | Entered Level 1 of the Depths
 57488 | D:15     | Reached skill level 19 in Fighting
 58298 | Depths:1 | Received a gift from Okawaru
 58971 | Depths:1 | Received a gift from Okawaru
 59177 | Depths:1 | Found a gateway to Hell.
 59579 | Depths:2 | Noticed an ancient lich
 59612 | Depths:2 | Killed an ancient lich
 59936 | Depths:1 | Reached XP level 23. HP: 36/155 MP: 32/35
 60337 | Depths:2 | Identified the Catalogue of Black Rituals
 60853 | Depths:2 | Noticed Sojobo
 60874 | Depths:2 | Killed Sojobo
 60874 | Depths:2 | Received a gift from Okawaru
 61296 | Depths:2 | Got a pair of faintly humming boots {god gift}
 61302 | Depths:2 | Identified the +0 pair of boots of Okawaru's Generosity
                  | {rF+ MR- Int+2} (Okawaru gifted it to you on level 2 of the
                  | Depths)
 61414 | Depths:2 | Paralysed by a floating eye for 4 turns
 61659 | Depths:2 | Found a one-way gate leading to the halls of Pandemonium.
 61835 | Depths:2 | Reached skill level 20 in Fighting
 62482 | Depths:2 | Found the ring of Shadows {Umbra +Inv Stlth+}
 62483 | Depths:2 | Found the +2 cloak of the Thief {*Fog Slay-2 SInv Stlth+}
 62484 | Depths:2 | Found a shadowy altar of Dithmenos.
 63612 | Depths:3 | Noticed Xtahua
 63613 | Depths:3 | Noticed the Enchantress
 63622 | Depths:2 | Killed Xtahua
 63697 | Depths:3 | Noticed Asterion
 63710 | Depths:2 | Killed Asterion
 64291 | Depths:2 | Received a gift from Okawaru
 64294 | Depths:2 | Got a warped dire flail {god gift}
 64578 | Depths:2 | Killed the Enchantress
 64943 | Depths:3 | Reached skill level 21 in Fighting
 65149 | Depths:3 | Found a one-way gate to the infinite horrors of the Abyss.
 65232 | Depths:3 | Found a gateway to a ziggurat.
 65356 | Depths:3 | Reached XP level 24. HP: 163/166 MP: 35/35
 65509 | Depths:3 | Found a shimmering blue altar of Sif Muna.
 65909 | Depths:3 | Identified the Guide on Blows and Bruises and the Compass
 65911 | Depths:3 | Identified Sif Muna's Incunabulum of Icy Air
 65928 | Depths:3 | Learned a level 2 spell: Blink
 65931 | Depths:3 | Learned a level 2 spell: Swiftness
 66018 | Depths:3 | Identified the Almanac of Floating Clay
 66578 | Depths:4 | Received a gift from Okawaru
 66579 | Depths:4 | Found the +8 whip "Snakebite" {curare, rPois}
 68212 | Depths:5 | Entered Level 5 of the Depths
 68316 | Depths:5 | Cast into level 2 of the Abyss (hell knight)
 68322 | Abyss:2  | Reached skill level 22 in Fighting
 68433 | Abyss:2  | Paralysed by accursed screaming for 1 turns
 68439 | Abyss:2  | Paralysed by accursed screaming for 2 turns
 68612 | Abyss:2  | Received a gift from Okawaru
 68613 | Abyss:2  | Got an iridescent quarterstaff {god gift}
 68750 | Abyss:2  | Gained mutation: You are weak. (Str -2) [a neqoxec]
 68932 | Depths:5 | Escaped the Abyss
 69202 | Depths:5 | Noticed a caustic shrike
 69215 | Depths:5 | Killed a caustic shrike
 69221 | Depths:5 | Noticed a caustic shrike
 69234 | Depths:5 | Killed a caustic shrike
 69243 | Depths:5 | Noticed a caustic shrike
 69258 | Depths:5 | Killed a caustic shrike
 69355 | Depths:5 | Received a gift from Okawaru
 69475 | Depths:5 | Noticed a caustic shrike
 69486 | Depths:5 | Killed a caustic shrike
 69614 | Depths:5 | Cast into level 3 of the Abyss (hell knight)
 69662 | Depths:5 | Escaped the Abyss
 69687 | Depths:5 | Cast into level 2 of the Abyss (hell knight)
 69695 | Abyss:2  | Found a corrupted altar of Lugonu.
 69789 | Abyss:2  | Reached XP level 25. HP: 140/175 MP: 35/35
 69932 | Abyss:2  | Gained mutation: Your spells are a little easier to cast,
                  | but a little less powerful. [a neqoxec]
 69933 | Abyss:2  | Gained mutation: You are dopey. (Int -2) [a neqoxec]
 69937 | Abyss:2  | Gained mutation: Your spells are easier to cast, but less
                  | powerful. [a neqoxec]
 70132 | Abyss:2  | Found a corrupted altar of Lugonu.
 70245 | Depths:5 | Escaped the Abyss
 70384 | Depths:5 | Received a gift from Okawaru
 70384 | Depths:5 | Reached skill level 23 in Fighting
 70578 | Depths:5 | Identified a +1 pair of boots of running (Okawaru gifted it
                  | to you on level 5 of the Depths)
 71003 | Depths:5 | Found a gate to the Realm of Zot.
 72418 | Snake:1  | Bought a scroll of immolation for 84 gold pieces
 72418 | Snake:1  | Bought a scroll of enchant armour for 180 gold pieces
 72787 | Vaults:5 | Entered Level 5 of the Vaults
 72808 | Vaults:5 | Received a gift from Okawaru
 73311 | Vaults:5 | Reached skill level 24 in Fighting
 73527 | Vaults:5 | Reached XP level 26. HP: 184/184 MP: 35/35
 74050 | Vaults:5 | Found Xecsuuj's Distillery.
 74787 | Vaults:5 | Identified the Handbook of Earthen Moulding
 74820 | Vaults:5 | Received a gift from Okawaru
 74970 | Vaults:5 | Identified Sif Muna's Catalogue of Fire
 75074 | Vaults:5 | Bought a potion of heal wounds for 75 gold pieces
 75074 | Vaults:5 | Bought a potion of curing for 45 gold pieces
 75074 | Vaults:5 | Bought a potion of heal wounds for 75 gold pieces
 75074 | Vaults:5 | Bought a potion of haste for 150 gold pieces
 75074 | Vaults:5 | Bought a potion of curing for 45 gold pieces
 75300 | Vaults:5 | Found Semah's Distillery.
 75304 | Vaults:5 | Bought a potion of heal wounds for 65 gold pieces
 75304 | Vaults:5 | Bought a potion of haste for 130 gold pieces
 75304 | Vaults:5 | Bought a potion of might for 52 gold pieces
 75304 | Vaults:5 | Bought a potion of might for 52 gold pieces
 75304 | Vaults:5 | Bought a potion of heal wounds for 65 gold pieces
 75304 | Vaults:5 | Bought a potion of berserk rage for 65 gold pieces
 75489 | Vaults:5 | Got a silver rune of Zot
 75602 | Vaults:5 | Found Utumidwa's Distillery.
 75607 | Vaults:5 | Bought a potion of heal wounds for 75 gold pieces
 75607 | Vaults:5 | Bought a potion of haste for 150 gold pieces
 75764 | Vaults:5 | Learned a level 1 spell: Apportation
 76344 | Slime:1  | Entered Level 1 of the Pits of Slime
 76348 | Slime:1  | Gained mutation: You are frail. (-10% HP) [a shining eye]
 76360 | Slime:3  | Gained mutation: You are very dopey. (Int -4) [a shining
                  | eye]
 76366 | Slime:3  | Gained mutation: Armour fits poorly on your strangely
                  | shaped body. [a shining eye]
 76379 | Slime:3  | Gained mutation: You are very frail. (-20% HP) [a shining
                  | eye]
 76393 | Slime:2  | Reached skill level 1 in Translocations
 76623 | Slime:2  | Lost mutation: Armour fits poorly on your strangely shaped
                  | body. [potion of mutation]
 76623 | Slime:2  | Lost mutation: You are weak. (Str -2) [potion of mutation]
 76623 | Slime:2  | Gained mutation: You possess an exceptional clarity of
                  | mind. [potion of mutation]
 76623 | Slime:2  | Gained mutation: Your muscles are strong. (Str +2) [potion
                  | of mutation]
 76624 | Slime:2  | Lost mutation: You are very dopey. (Int -4) [potion of
                  | mutation]
 76624 | Slime:2  | Lost mutation: Scrolls take you a little longer to read.
                  | [potion of mutation]
 76624 | Slime:2  | Lost mutation: Your muscles are strong. (Str +2) [potion of
                  | mutation]
 76624 | Slime:2  | Gained mutation: You have sharp toenails. [potion of
                  | mutation]
 76625 | Slime:2  | Lost mutation: Your spells are easier to cast, but less
                  | powerful. [potion of mutation]
 76625 | Slime:2  | Lost mutation: Your spells are a little easier to cast, but
                  | a little less powerful. [potion of mutation]
 76625 | Slime:2  | Lost mutation: You are dopey. (Int -2) [potion of mutation]
 76625 | Slime:2  | Gained mutation: You are partially covered in rugged brown
                  | scales. (AC +1, +3% HP) [potion of mutation]
 76625 | Slime:2  | Gained mutation: You are agile. (Dex +2) [potion of
                  | mutation]
 76626 | Slime:2  | Lost mutation: You are agile. (Dex +2) [potion of mutation]
 76626 | Slime:2  | Lost mutation: You possess an exceptional clarity of mind.
                  | [potion of mutation]
 76626 | Slime:2  | Gained mutation: Armour fits poorly on your strangely
                  | shaped body. [potion of mutation]
 76626 | Slime:2  | Gained mutation: You are partially covered in yellow
                  | scales. (AC +2) [potion of mutation]
 76627 | Slime:2  | Lost mutation: You have sharp toenails. [potion of
                  | mutation]
 76627 | Slime:2  | Lost mutation: Armour fits poorly on your strangely shaped
                  | body. [potion of mutation]
 76627 | Slime:2  | Lost mutation: You are very frail. (-20% HP) [potion of
                  | mutation]
 76627 | Slime:2  | Gained mutation: You are agile. (Dex +2) [potion of
                  | mutation]
 76627 | Slime:2  | Gained mutation: Scrolls take you a little longer to read.
                  | [potion of mutation]
 76627 | Slime:2  | Gained mutation: You expend magic power (3 MP) to
                  | strengthen your wands. [potion of mutation]
 76631 | Slime:3  | Gained mutation: You are weak. (Str -2) [a shining eye]
 76633 | Slime:3  | Lost mutation: You expend magic power (3 MP) to strengthen
                  | your wands. [a shining eye]
 76635 | Slime:3  | Gained mutation: You are dopey. (Int -2) [a shining eye]
 76700 | Slime:5  | Entered Level 5 of the Pits of Slime
 77053 | Slime:5  | Noticed the Royal Jelly
 77490 | Slime:5  | Found a viscous altar of Jiyva.
 77945 | Slime:4  | Reached skill level 5 in Translocations
 81169 | Slime:4  | Reached skill level 25 in Fighting
 82084 | Slime:4  | HP: 7/174 [acid[the Royal Jelly] (7)]
 82085 | Slime:4  | HP: 2/174 [acid[the Royal Jelly] (5)]
 82086 | Slime:4  | Splashed by an acid blob's acid

Illustrated notes

Levels and vault maps discovered:
D:1:      dpeg_arrival_caged_fury, layout_loops_ring, minmay_pentomino_x4
D:2:      layout_loops_cross, marbit_many_paths, fedhas_altar_1, chequers_jeans,
          nicolae_ashenzari_panopticon
D:3:      layout_basic
D:4:      minmay_bubble_buster, layout_loops_ring, minmay_temple_entry_tees,
          uniq_natasha
D:5:      layout_loops_ring, overflow_temple_1_default, uniq_blork_the_orc
D:6:      layout_cave_pools, basic_altar, uniq_pikel, uniq_crazy_yiuf_cottage
D:7:      layout_loops_ring, lemuel_crystal_altar, lemuel_doored_altar,
          minitemple, lemuel_coloured_pillars_altar, uniq_menkaure
D:8:      layout_rooms, nicolae_overflow_hidden_temple, special_room
          [special_room_orc], uniq_prince_ribbit1
D:9:      layout_rooms, david_lair_shrubbed, basic_altar, ebering_ghost_xom,
          uniq_maggie
D:10:     layout_basic, david_orc_2, serial_shops, shop, minivault_14
D:11:     layout_loops_ring, minmay_strange_pillars
D:12:     minmay_statue_hallways, layout_basic, hangedman_decor_push,
          uniq_nergalle
D:13:     layout_loops_cross, david_vaults_3, serial_shops, shop_fountains,
          eino_curves_04, small_statue_intersection, uniq_frances, uniq_nessos,
          uniq_urug
D:14:     layout_roguey, serial_shops, nicolae_shop_overgrown_old_shop,
          minivault_24, minmay_checkerbox
D:15:     grunt_enter_depths_giant_problem, layout_layer_cave,
          minmay_three_doors
Temple:   compressed_dpeg_triangle_lava_temple
Lair:1:   layout_chaotic_city, gauntlet_entry_generic, beast_lair_carwin_7,
          grunt_megastairs_4, infiniplex_staircase_pool_2, lemuel_fruit_fields
Lair:2:   layout_small_grid, hellmonk_ghost_happy_afterlife,
          gammafunk_lair_bear_cave
Lair:3:   layout_long_grid, serial_bayou_lagoon_b
Lair:4:   layout_regular_city, skrybe_swamp_entry_bodies, dummy_snake_entry,
          kennysheep_catoblepas_arena
Lair:5:   layout_cave_pods, grunt_megastairs_2, serial_bayou_shore_b
Lair:6:   guppyfry_lair_end_dragon, layout_cave_pods,
          hangedman_lair_caniforms_friends, dpeg_slime_entry_corner
Swamp:1:  layout_basic_swamp, hangedman_swamp_blocks, hangedman_swamp_pad
Swamp:2:  layout_falls_marsh, wheals_swamp_sinkhole
Swamp:3:  layout_basic_swamp, serial_swamp_ruin, evilmike_swamp_ruin_rubble_2,
          evilmike_swamp_ruin_house_6
Swamp:4:  swamp_alternative, layout_basic_swamp, swamp_pool1, uniq_mara
Snake:1:  layout_chambers, serial_shops, shop
Snake:2:  cheibrodos_snake_lava_hold, layout_basic, uniq_aizul, uniq_kirke
Snake:3:  layout_grid_shapes
Snake:4:  grunt_snake_rune_serpentine_throne, layout_cave_town
Slime:1:  layout_caves
Slime:2:  layout_caves
Slime:3:  layout_caves
Slime:4:  layout_caves
Slime:5
Orc:1:    layout_diamond_mine, nicolae_orc_lost_temple
Orc:2:    grunt_orc_gardens, layout_caves, grunt_orc_garden, grunt_orc_garden,
          grunt_orc_garden, grunt_orc_garden, uniq_sonja, uniq_azrael
Vaults:1: v_pattern_3, vaults_room_hallway, vaults_dpeg_encased_lava,
          nicolae_vaults_little_squares_3, vaults_dpeg_hooks, v_rooms_2,
          nicolae_vaults_circle_grid_a, grunt_vaults_bifocal,
          hangedman_vaults_slither, hangedman_vaults_impose,
          ontoclasm_vaults_loading_screen, ontoclasm_vaults_eye,
          vaults_room_door_ring, v_alt_pattern_5, layout_vaults_maze,
          serial_shops, shop, uniq_donald
Vaults:2: grunt_vaults_swirl, grunt_vaults_twisty,
          nicolae_vaults_little_squares_4, grunt_vaults_diagonal,
          hangedman_vaults_maws, v_misc_5, nicolae_vaults_arrows,
          nicolae_vaults_border_crossing, ontoclasm_vaults_gateway,
          vaults_room_hangedman_quadrants, vaults_room_stairs_pillars,
          layout_vaults_omnicross, mu_enter_wizlab_5, uniq_bai_suzhen
Vaults:3: nicolae_vaults_minivaults, v_misc_24, vaults_dpeg_ring,
          nicolae_vaults_gold_heap, vaults_standard_mumra_lines,
          nicolae_vaults_alarming, hangedman_vaults_nails,
          minmay_crypt_entry_simple_round, layout_vaults_big_room
Vaults:4: nicolae_vaults_windows_and_doors_thing, dpeg_vaults_monster_row,
          v_rooms_4, hangedman_vaults_river_flow, hangedman_vaults_nodes,
          st_lattice, vaults_dpeg_cross, grunt_vaults_trifunnel, v_misc_13,
          nicolae_vaults_little_squares_6, nicolae_vaults_shelves_hall,
          v_misc_22, nicolae_vaults_specimen_jars, layout_vaults_ring,
          uniq_saint_roka
Vaults:5: serial_shops
Depths:1: layout_cave_pools, hangedman_coc_ice_floe, roderic_serpentine_path,
          grunt_tough_drop
Depths:2: regret_index_dithmenos_brocken_genspenst, layout_gridlike,
          special_room [special_room_morgue], grunt_pan_entry_zigzag,
          glass_columns_a, pf_hell_entry_great_geh, st_stairs_3, uniq_sojobo
Depths:3: evilmike_library_of_no_secrets, layout_cave_pools, enter_ziggurat_c,
          kennysheep_donut, abyss_entry_crystal, grunt_hell_entry_dis_grunt,
          serial_shops, freezing_bzr, rand_demon_pan_entry_3, uniq_xtahua,
          uniq_asterion, uniq_enchantress
Depths:4: radiant_caverns_a_rkd, hell_entry, abyss_entry, pan_entry
Depths:5: grunt_zot_entry_bicorn, layout_gridville, serial_bayou,
          serial_bayou_ford_a, serial_bayou_pond_b, serial_bayou_pond_b,
          serial_bayou_crossing, serial_bayou_pond_d, hell_entry,
          patterned_corridor

Skill      XL: |  1  2  3  4  5  6  7  8  9 10 11 12 13 14 15 16 17 18 19 20 21 22 23 24 25 26 |
---------------+-------------------------------------------------------------------------------+-----
Fighting       | 1 2 3 4 5 6 8 9 10 11 12 13 14 15 16 17 18 19 21 22 24 25 | 25.0
Armour         | 1 2 3 4 5 6 8 9 10 11 12 13 14 15 16 17 18 19 21 22 24 | 24.9
Maces & Flails | 1 5 8 10 11 12 14 15 16 17 18 19 20 | 20.0
Shields        | 1 4 6 7 |  7.0
Invocations    | 4 6 8 9 10 12 13 14 15 16 | 16.6
Dodging        | 3 4 6 7 8 9 10 11 12 13 | 13.3
Translocations | 5 |  5.3
Stealth        | |  2.1
Spellcasting   | |  2.0
Conjurations   | |  4.3

Action                   |  1- 3 |  4- 6 |  7- 9 | 10-12 | 13-15 | 16-18 | 19-21 | 22-24 | 25-27 || total
-------------------------+-------+-------+-------+-------+-------+-------+-------+-------+-------++-------
Melee: Unarmed           |    10 |       |       |       |       |       |       |       |       ||    10
       Short sword       |     4 |   195 |   212 |       |       |       |       |       |       ||   411
       Falchion          |     3 |     8 |       |       |       |       |       |       |       ||    11
       War axe           |       |       |   187 |       |       |       |       |       |       ||   187
       Mace              |       |       |   232 |       |       |       |       |       |       ||   232
       Flail             |       |       |    46 |   800 |       |       |       |       |       ||   846
       Great mace        |       |       |       |   177 |  1316 |  1720 |  1762 |  1883 |  1331 ||  8189
Throw: Throwing net      |       |       |       |       |       |       |       |       |     2 ||     2
 Cast: Magic Dart        |    59 |    13 |    12 |       |       |     4 |       |       |       ||    88
Invok: Heroism           |       |       |       |     5 |    25 |    23 |    20 |    22 |    12 ||   107
       Finesse           |       |       |       |       |     3 |     3 |       |     2 |     4 ||    12
 Abil: Fly               |       |       |       |       |     1 |     1 |       |       |       ||     2
       Stop Flying       |       |       |       |       |       |     1 |       |       |       ||     1
Evoke: Wand              |       |       |       |       |       |       |       |     1 |       ||     1
  Use: Scroll            |     7 |     1 |    10 |       |    21 |     7 |     6 |     8 |    18 ||    78
       Potion            |       |     1 |     1 |       |     2 |     1 |       |     1 |     7 ||    13
 Stab: Sleeping          |     2 |     1 |       |       |       |       |       |       |       ||     3
       Distracted        |       |       |       |     1 |       |       |       |     2 |       ||     3
       Confused          |       |       |       |       |       |     1 |       |       |       ||     1
Armor: Robe              |    11 |       |       |       |       |       |       |       |       ||    11
       Leather armour    |     2 |       |       |       |       |       |       |       |       ||     2
       Ring mail         |     4 |     5 |       |       |       |       |       |       |       ||     9
       Storm dragon scal |       |   139 |   506 |   687 |  1094 |   954 |   504 |       |       ||  3884
       Pearl dragon scal |       |       |       |       |       |       |   435 |   964 |   388 ||  1787
       Gold dragon scale |       |       |       |       |       |       |       |       |  1224 ||  1224
Dodge: Dodged            |    32 |    78 |   436 |   437 |  1184 |  1115 |  1104 |  1116 |  1328 ||  6830
Block: Kite shield       |       |       |    19 |   366 |       |       |       |       |       ||   385
       Other             |       |       |       |       |   194 |   334 |   306 |   288 |   391 ||  1513
       Reflection        |       |       |       |       |    20 |    11 |    26 |    14 |    11 ||    82
       Rpst.: Falchion   |     2 |     2 |       |       |       |       |       |       |       ||     4

Table legend: (Time is in decaauts)
 A = Elapsed time spent in this place.
 B = Non-inter-level travel time spent in this place.
 C = Inter-level travel time spent in this place.
 D = Time resting spent in this place.
 E = Time spent auto-exploring this place.
 F = Levels seen in this place.
 G = Mean time per level.
                   A        B        C        D        E       F      G
               +--------+--------+--------+--------+--------+-----+--------+
         Total |  80436 |  77487 |   2949 |  27641 |  27151 |  51 | 1577.2 |
       Dungeon |  19415 |  18521 |    894 |   3743 |   9014 |  15 | 1294.3 |
        Temple |    390 |    374 |     16 |    100 |    178 |   1 |  390.0 |
          Lair |  10373 |   9602 |    771 |   3111 |   4262 |   6 | 1728.8 |
         Swamp |   6806 |   6666 |    140 |   2773 |   2385 |   4 | 1701.5 |
     Snake Pit |   7752 |   7518 |    234 |   2304 |   3081 |   4 | 1938.0 |
    Slime Pits |   5545 |   5545 |      0 |   4484 |      0 |   5 | 1109.0 |
  Orcish Mines |   1795 |   1738 |     57 |    294 |    795 |   2 |  897.5 |
        Vaults |  14887 |  14405 |    482 |   5362 |   4558 |   5 | 2977.4 |
        Depths |  12072 |  11720 |    352 |   5262 |   2877 |   5 | 2414.4 |
         Abyss |   1131 |   1131 |      0 |    206 |      0 |   3 |  377.0 |
        Wizlab |    265 |    265 |      0 |      0 |      0 |   1 |  265.0 |
               +--------+--------+--------+--------+--------+-----+--------+

Top non-repeatable levels by time:
 Slime:4: 4203 daAuts
Depths:2: 4100 daAuts
Vaults:4: 3604 daAuts
 Snake:4: 3248 daAuts
Vaults:2: 3205 daAuts
Vaults:3: 2872 daAuts
Vaults:1: 2736 daAuts
    D:15: 2670 daAuts
  Lair:6: 2642 daAuts
  Lair:4: 2534 daAuts
Vaults:5: 2468 daAuts
 Swamp:3: 2451 daAuts
Depths:4: 2219 daAuts
Depths:1: 2138 daAuts
Depths:5: 2068 daAuts
